Map: Eternal Empire LE

Players

ToIsengard

  • Race: Protoss Protoss
  • League: Grandmaster
  • Spawn Location: 1:00

A.I. 1 (Very Easy) - Winner!

  • Race: Terran Terran
  • Spawn Location: 7:00

VOD

https://www.youtube.com/watch?v=PmSrYtYGqdw

Description

Time

  • Played on: May 30, 2020, 9:46 a.m.
  • Length: 5:39
Show
View Real Time Build Order
Export as new Build Order

ToIsengard Protoss 

Build Orders: 1 Gate Expand, Blink Stalkers 

Get SALT Encoding   

  12  0:01  Probe  
  13  0:13  Probe  
  14  0:17  Pylon  
  14  0:25  Probe (Chrono Boost)  
  15  0:35  Gateway  
  15  0:37  Probe (Chrono Boost)  
  16  0:46  Probe (Chrono Boost)  
  16  0:47  Assimilator  
  17  0:51  Probe  
  18  1:04  Probe  
  19  1:16  Probe  
  20  1:24  Cybernetics Core  
  20  1:35  Nexus  
  20  1:40  Pylon  
  20  1:42  Probe  
  21  1:49  Assimilator  
  21  1:54  Probe  
  21  1:57  Adept (Chrono Boost)  
  21  2:00  Warp Gate  
  24  2:07  Probe  
  25  2:17  Stalker (Chrono Boost)  
  25  2:19  Probe  
  28  2:31  Probe  
  28  2:32  Twilight Council  
  29  2:41  Stalker  
  31  2:47  Probe (Chrono Boost)  
  33  2:52  Probe (Chrono Boost)  
  33  2:56  Probe (Chrono Boost)  
  34  2:59  Robotics Facility  
  34  3:00  Probe (Chrono Boost)  
  34  3:01  Probe (Chrono Boost)  
  36  3:11  Probe  
  37  3:13  Probe  
  37  3:19  Blink (Chrono Boost)  
  38  3:23  Gateway  
  38  3:25  Gateway  
  39  3:30  Probe  
  39  3:32  Probe  
  40  3:39  Gateway  
  40  3:43  Probe  
  40  3:45  Pylon  
  40  3:47  Observer, Probe  
  43  3:52  Stalker  
  43  3:55  Probe  
  46  4:01  Pylon  
  46  4:03  Probe  
  46  4:08  Warp Prism  
  49  4:16  Stalker  
  51  4:18  Stalker  
  51  4:22  Pylon  
  53  4:24  Stalker  
  53  4:30  Assimilator  
  55  4:33  Stalker  
  55  4:34  Probe x2  
  59  4:40  Stalker  
  59  4:42  Pylon  
  61  4:46  Probe  
  61  4:48  Stalker  
  61  4:52  Pylon  
  64  5:03  Stalker x2  
  68  5:13  Stalker  
  70  5:14  Stalker  
  72  5:28  Nexus  
  72  5:35  Stalker x2  
  72  5:37  Stalker  
Show
View Real Time Build Order
Export as new Build Order

A.I. 1 (Very Easy) Terran - Winner!

Build Orders:  

Get SALT Encoding   

  12  0:00  SCV  
  13  0:13  SCV  
  14  0:18  Supply Depot  
  14  0:36  Refinery  
  14  0:42  Barracks  
  14  1:04  Supply Depot  
  14  1:13  Refinery  
  14  1:30  Marine  
  14  1:31  Orbital Command  
  15  1:57  SCV  
  16  2:06  Marine  
  17  2:09  SCV  
  18  2:21  SCV  
  19  2:33  SCV  
  20  2:41  Marine  
  21  2:45  SCV  
  22  2:57  SCV  
Tags
 
Add a new tag
Caveats
  • Supply blocks, unpowered buildings, or Contaminate may cause inaccurate times.
  • Supply counts are checked every 10 seconds.